 Dungeon Crawl Stone Soup version 0.29-a0-284-gf9362112df (console) character file.

Game seed: 13493394692486713948

3 melfie the Shield-Bearer (level 1, -3/16 HPs)
             Began as a Demigod Wanderer on Mar 18, 2022.
             Slain by a kobold
             ... wielding a +4 short sword
              (7 damage)
             ... on level 1 of the Dungeon.
             The game lasted 00:01:07 (126 turns).

melfie the Shield-Bearer (Demigod Wanderer)          Turns: 126, Time: 00:01:07

Health: -3/16      AC:  3    Str: 15    XL:     1   Next: 33%
Magic:  4/4        EV: 11    Int: 11    God:
Gold:   8          SH:  4    Dex: 14    Spells: 2/2 levels left

rFire   . . .      SeeInvis .   a - +2 dagger
rCold   . . .      Faith    .   d - +0 buckler
rNeg    . . .      Spirit   .   f - +0 leather armour
rPois   .          Reflect  .   (no helmet)
rElec   .          Harm     .   (no cloak)
rCorr   .          Rampage  .   (no gloves)
Will    .....                   (no boots)
Stlth   +.........              (no amulet)
HPRegen 0.05/turn               (no ring)
MPRegen 0.09/turn               (no ring)

@: no status effects
A: high MP 1, forlorn, divine attributes
a: no special abilities


You were on level 1 of the Dungeon.
You visited 1 branch of the dungeon, and saw 1 of its levels.

You collected 8 gold pieces.

Inventory:

Hand Weapons
 a - a +2 dagger (weapon)
 c - a +0 hand axe
Missiles
 b - 2 curare-tipped darts (quivered)
Armour
 d - a +0 buckler (worn)
 f - a +0 leather armour (worn)
Potions
 e - a potion of lignification


   Skills:
 + Level 1.2 Fighting
 - Level 1.7 Axes
 + Level 1.9 Throwing
 - Level 1.0 Dodging
 - Level 2.6 Shields
 - Level 1.0 Spellcasting


You had 2 spell levels left.
You didn't know any spells.
Your spell library contained the following spells:

 Spells                   Type           Power      Damage    Failure   Level
 Blink                    Tloc           0%         N/A       63%         2
 Lesser Beckoning         Tloc           0%         N/A       85%         3
 Manifold Assault         Tloc           0%         N/A       100%        5


Dungeon Overview and Level Annotations

Branches:
Dungeon (1/15)


Innate Abilities, Weirdness & Mutations

You have an increased reservoir of magic. (+10% MP)
You shall have no god before yourself.
Your divine heritage dramatically boosts your attributes as you level up.


Message History

You barely miss the bat. You block the bat's attack.
You barely miss the bat. The bat barely misses you. The bat closely misses you.
You block the bat's attack.
You hit the bat.
You kill the bat!
Found a stone staircase leading down.
A quokka comes into view.
The quokka barely misses you.
You hit the quokka.
The quokka is heavily wounded.
The quokka barely misses you.
You closely miss the quokka.
The quokka is heavily wounded.
You block the quokka's attack.
You hit the quokka.
You kill the quokka!
You pick up a book of Spatial Translocations and begin reading...
You add the spells Blink, Lesser Beckoning and Manifold Assault to your library.
Unknown command.
Okay, then.
A kobold comes into view. It is wielding a +4 short sword.
The kobold shouts!
You closely miss the kobold. The kobold barely misses you.
You miss the kobold.
The kobold hits you with a +4 short sword.
You hit the kobold.
The kobold is moderately wounded.
The kobold barely misses you.
You hit the kobold but do no damage.
The kobold is moderately wounded.
The kobold closely misses you.
You hit the kobold.
The kobold is severely wounded.
The kobold misses you.
The kobold hits you with a +4 short sword!
* * * LOW HITPOINT WARNING * * *
You barely miss the kobold.
The kobold is severely wounded.
The kobold hits you with a +4 short sword!
You die...

##### ..#.. #.#.#
#.#.# #######.#.#
........#.#########
.######....@K......
...#.#..........
.####.#.#..........
...................
.####.#.#.#########
#..#.#..........
#..#...#.####..
#....#.#.# ##.####
#..#.#.#.###.....#


You could see a kobold.

Vanquished Creatures
  A giant cockroach (D:1)
  A quokka (D:1)
  A bat (D:1)
3 creatures vanquished.

Notes
Turn   | Place    | Note
-------+----------+-------------------------------------------
     0 | D:1      | melfie the Demigod Wanderer began the quest for the Orb.
     0 | D:1      | melfie set off with the following items: a +2 dagger, 2
                  | curare-tipped darts, a +0 hand axe, a +0 buckler, a potion
                  | of lignification, a +0 leather armour
     0 | D:1      | Reached XP level 1. HP: 16/16 MP: 4/4
   126 | D:1      | Slain by a kobold

Illustrated notes

Levels and vault maps discovered:
D:1:      psy_arrival_spokes, layout_basic, chequers_ecumenical_altar_island

Action                   || total
-------------------------++-------
Melee: Dagger            ||    19
Armor: Leather armour    ||     3
Dodge: Dodged            ||    12
Block: Buckler           ||     4

Table legend: (Time is in decaauts)
 A = Elapsed time spent in this place.
 B = Non-inter-level travel time spent in this place.
 C = Inter-level travel time spent in this place.
 D = Time resting spent in this place.
 E = Time spent auto-exploring this place.
 F = Levels seen in this place.
 G = Mean time per level.
                   A        B        C        D        E       F      G
               +--------+--------+--------+--------+--------+-----+--------+
         Total |    127 |    127 |      0 |      0 |     85 |   1 |  127.0 |
       Dungeon |    127 |    127 |      0 |      0 |     85 |   1 |  127.0 |
               +--------+--------+--------+--------+--------+-----+--------+

Top non-repeatable levels by time:
     D:1: 127 daAuts
